[Event "EYCC Open-U14 2019"]
[Site "Bratislava"]
[Date "2019.08.08"]
[Round "7.11"]
[White "Morgunov, Marc"]
[Black "Liu, Casper"]
[Result "1-0"]
[ECO "B52"]
[WhiteElo "2314"]
[BlackElo "2194"]
[Annotator "NA"]
[PlyCount "129"]
[EventDate "2019.08.02"]
[EventType "swiss"]
[EventCountry "SVK"]
[SourceTitle "playchess.com"]
[Source "ChessBase"]
[SourceQuality "1"]
[TimeControl "40/5400+30:1800+30"]

1. e4 c5 2. Nf3 d6 3. Bb5+ Bd7 4. Bxd7+ Nxd7 5. c4 Ne5 6. O-O e6 7. Nc3 Nf6 8. d3 Be7 9. h3 O-O 10. Be3 Rc8 11. b3 Qa5 12. Rc1 a6 13. a4 Qb4 14. Nxe5 dxe5 15. Qc2 Nd7 16. Ra1 Qb6 17. b4 Qc7 18. b5 a5 19. g3 Bf6 20. h4 Rfd8 21. Kg2 b6 22. f3 Nf8 23. Rad1 h6 24. Rh1 Qe7 25. Kf2 Rd6 26. Ne2 Qd8 27. Qd2 h5 28. Nc1 Rc7 29. Ke2 Ng6 30. Rdg1 Kf8 31. g4 hxg4 32. Rxg4 Bxh4 33. Rhxh4 Nxh4 34. Bg5 f6 35. Rxh4 Ke7 36. Be3 Qe8 37. Qe1 Rd8 38. Qg3 g5 39. Rh6 Qf8 40. Qh3 Qg8 41. Nb3 Rf8 42. Nd2 Kd6 43. Nf1 Rd7 44. Nh2 Kc7 45. Ng4 Qg7 46. Qh5 Qe7 47. Rh8 Qg7 48. Rh6 Qe7 49. Kf2 Qf7 50. Qh2 Qg7 51. Nxf6 Rdf7 52. Qxe5+ Kb7 53. Bxg5 Rh8 54. Ng4 Qxe5 55. Nxe5 Rxh6 56. Bxh6 Rh7 57. Ng4 Kc7 58. f4 Kd6 59. e5+ Kc7 60. Ke3 Rd7 61. Nf6 Rd8 62. Bg7 Kc8 63. f5 exf5 64. Nd5 Rg8 65. Ne7+ 1-0

[Event "EYCC Open-U14 2019"]
[Site "Bratislava"]
[Date "2019.08.08"]
[Round "7.12"]
[White "Vojta, Jakub"]
[Black "Kristoferitsch, Daniel"]
[Result "0-1"]
[ECO "C44"]
[WhiteElo "2238"]
[BlackElo "2108"]
[Annotator "NA"]
[PlyCount "118"]
[EventDate "2019.08.02"]
[EventType "swiss"]
[EventCountry "SVK"]
[SourceTitle "playchess.com"]
[Source "ChessBase"]
[SourceQuality "1"]
[TimeControl "40/5400+30:1800+30"]

1. e4 e5 2. Nf3 Nc6 3. d4 exd4 4. Bc4 Bc5 5. O-O d6 6. Bf4 Nf6 7. h3 Nxe4 8. Re1 d5 9. Bxd5 Qxd5 10. Nc3 Qd8 11. Nxe4 Be7 12. c3 O-O 13. cxd4 Nb4 14. a3 Nd5 15. Bh2 c6 16. Rc1 Bf5 17. Nc5 b6 18. Nd3 Rc8 19. b4 Qd7 20. Nde5 Qb7 21. Qa4 b5 22. Qb3 Rfd8 23. Nd3 Bxd3 24. Qxd3 a5 25. bxa5 Qa6 26. Ne5 Qxa5 27. Qf5 Bf6 28. Qf3 Qb6 29. Rc5 Ne7 30. Qe4 Rd5 31. Nxc6 Rxc5 32. Nxe7+ Bxe7 33. dxc5 Bxc5 34. Qf3 Qa5 35. Rd1 Bxa3 36. Be5 Bf8 37. Qf5 Rd8 38. Rc1 b4 39. f4 Qd5 40. Qc2 b3 41. Qc4 Qxc4 42. Rxc4 Ba3 43. Re4 b2 44. Re1 Rc8 45. Kf2 Rc1 46. Bxb2 Rxe1 47. Bxa3 Rb1 48. Bc5 Rb3 49. Bd4 f5 50. Be5 g6 51. Kg1 Kf7 52. Kh2 Ke6 53. g4 Kd5 54. Kg2 Ke4 55. Bd6 Rf3 56. gxf5 gxf5 57. Be5 Rxf4 58. Bxf4 Kxf4 59. Kf2 h6 0-1

[Event "EYCC Open-U14 2019"]
[Site "Bratislava"]
[Date "2019.08.08"]
[Round "7.13"]
[White "Levin, Guy"]
[Black "Razafindratsima, Timothe"]
[Result "1-0"]
[ECO "A37"]
[WhiteElo "2005"]
[BlackElo "2178"]
[Annotator "NA"]
[PlyCount "101"]
[EventDate "2019.08.02"]
[EventType "swiss"]
[EventCountry "SVK"]
[SourceTitle "playchess.com"]
[Source "ChessBase"]
[SourceQuality "1"]
[TimeControl "40/5400+30:1800+30"]

1. Nf3 c5 2. c4 Nc6 3. Nc3 g6 4. g3 Bg7 5. Bg2 e6 6. O-O Nge7 7. e3 O-O 8. d4 d6 9. b3 cxd4 10. Nxd4 Nxd4 11. exd4 Nf5 12. Ne2 Rb8 13. Qd3 Bd7 14. Rb1 b5 15. c5 Qc7 16. Bf4 e5 17. dxe5 dxe5 18. c6 Bxc6 19. Rbc1 Qd7 20. Qxd7 Bxd7 21. Rc7 Be6 22. Bd2 Rbc8 23. Rfc1 Rxc7 24. Rxc7 Rd8 25. Bb4 Rd1+ 26. Bf1 Nd4 27. Nc3 Ra1 28. Kg2 Nc2 29. Bd6 Ne1+ 30. Kg1 h5 31. h4 b4 32. Ne4 Bd5 33. Rc8+ Kh7 34. Ng5+ Kh6 35. Bxb4 f6 36. Rd8 Bc6 37. Rc8 Bd7 38. Rc7 Bg4 39. Bf8 Nf3+ 40. Kg2 Ne1+ 41. Kh1 fxg5 42. Bxg7+ Kh7 43. Bxe5+ Kg8 44. Bxa1 gxh4 45. Bc4+ Kf8 46. gxh4 Nf3 47. Bf6 Bf5 48. Rxa7 Be4 49. Rf7+ Kg8 50. Rg7+ Kh8 51. Rb7# 1-0

[Event "EYCC Open-U14 2019"]
[Site "Bratislava"]
[Date "2019.08.08"]
[Round "7.14"]
[White "Tsaruk, Maksim"]
[Black "Unneland, Mathias"]
[Result "1-0"]
[ECO "C07"]
[WhiteElo "2230"]
[BlackElo "1966"]
[Annotator "NA"]
[PlyCount "61"]
[EventDate "2019.08.02"]
[EventType "swiss"]
[EventCountry "SVK"]
[SourceTitle "playchess.com"]
[Source "ChessBase"]
[SourceQuality "1"]
[TimeControl "40/5400+30:1800+30"]

1. e4 e6 2. d4 d5 3. Nd2 c5 4. exd5 Qd7 5. dxc5 Qxd5 6. Ngf3 Nf6 7. Be2 Bxc5 8. Bc4 Qd8 9. Qe2 a6 10. O-O Nbd7 11. a4 b6 12. Ne4 Nxe4 13. Qxe4 Rb8 14. Qe2 Ra8 15. Qe4 Rb8 16. Qe2 Ra8 17. Rd1 Qc7 18. Bd3 Bb7 19. Bg5 Bd6 20. Be4 Nc5 21. Bxb7 Nxb7 22. Rd4 O-O 23. Rad1 Rfe8 24. Rc4 Qb8 25. c3 f6 26. Be3 Nc5 27. a5 e5 28. axb6 e4 29. Bxc5 exf3 30. Qxf3 Bxh2+ 31. Kh1 1-0

[Event "EYCC Open-U14 2019"]
[Site "Bratislava"]
[Date "2019.08.08"]
[Round "7.15"]
[White "Pasztor, Balazs"]
[Black "Bochnicka, Vladimir"]
[Result "1-0"]
[ECO "C42"]
[WhiteElo "2140"]
[BlackElo "2169"]
[Annotator "NA"]
[PlyCount "67"]
[EventDate "2019.08.02"]
[EventType "swiss"]
[EventCountry "SVK"]
[SourceTitle "playchess.com"]
[Source "ChessBase"]
[SourceQuality "1"]
[TimeControl "40/5400+30:1800+30"]

1. e4 e5 2. Nf3 Nf6 3. Nxe5 d6 4. Nf3 Nxe4 5. Bd3 Nc5 6. Be2 Be7 7. d4 Ne4 8. O-O O-O 9. c4 Bf5 10. Re1 d5 11. Qb3 dxc4 12. Qxb7 Nd7 13. Qc6 Nd6 14. Bxc4 Rb8 15. Bb3 Bf6 16. Bf4 Rb6 17. Qc1 Nb5 18. Be3 Rd6 19. Nc3 c6 20. Bf4 Rxd4 21. Nxb5 cxb5 22. Nxd4 Bxd4 23. Bd6 Qh4 24. Qd2 Rc8 25. Re7 Nf6 26. Rxf7 Kh8 27. Bg3 Qg4 28. Rd1 Re8 29. h3 Qxg3 30. Qxd4 Qg6 31. Qd8 h6 32. Qxe8+ Kh7 33. Qe3 Be4 34. Qg3 1-0

[Event "EYCC Open-U14 2019"]
[Site "Bratislava"]
[Date "2019.08.08"]
[Round "7.16"]
[White "Poltorak, Sebastian"]
[Black "Yaniv, Yuval"]
[Result "0-1"]
[ECO "D35"]
[WhiteElo "2068"]
[BlackElo "2135"]
[Annotator "NA"]
[PlyCount "62"]
[EventDate "2019.08.02"]
[EventType "swiss"]
[EventCountry "SVK"]
[SourceTitle "playchess.com"]
[Source "ChessBase"]
[SourceQuality "1"]
[TimeControl "40/5400+30:1800+30"]

1. d4 Nf6 2. c4 e6 3. Nc3 d5 4. cxd5 exd5 5. Bg5 c6 6. e3 h6 7. Bh4 Be6 8. Bd3 Nbd7 9. Nge2 g5 10. Bg3 Nh5 11. Qc2 Nxg3 12. Nxg3 h5 13. Bf5 Qf6 14. O-O-O h4 15. Bxe6 fxe6 16. Nf1 Bg7 17. e4 O-O 18. f3 c5 19. exd5 cxd4 20. Ne4 Qe5 21. Kb1 exd5 22. Nf2 Rac8 23. Ng4 Rxc2 24. Nxe5 Rfc8 25. Nd3 Ne5 26. Ne1 d3 27. Ne3 Re2 28. Nf5 Rcc2 29. Nxd3 Nxd3 30. Rxd3 Rxb2+ 31. Kc1 Rxa2 0-1

[Event "EYCC Open-U14 2019"]
[Site "Bratislava"]
[Date "2019.08.08"]
[Round "7.17"]
[White "Shoshin, Kirill"]
[Black "Talibov, Shiroghlan"]
[Result "0-1"]
[ECO "A45"]
[WhiteElo "2089"]
[BlackElo "1882"]
[Annotator "NA"]
[PlyCount "38"]
[EventDate "2019.08.02"]
[EventType "swiss"]
[EventCountry "SVK"]
[SourceTitle "playchess.com"]
[Source "ChessBase"]
[SourceQuality "1"]
[TimeControl "40/5400+30:1800+30"]

1. d4 Nf6 2. Bg5 e6 3. e4 h6 4. Bxf6 Qxf6 5. Nc3 Bb4 6. Nge2 d5 7. a3 Bxc3+ 8. Nxc3 c6 9. g3 b6 10. Bg2 Ba6 11. Qd2 O-O 12. O-O-O Rd8 13. f4 Bb7 14. g4 Qe7 15. e5 c5 16. Ne2 Nc6 17. f5 Qg5 18. Nf4 Nxd4 19. h4 Qxf4 0-1

[Event "EYCC Open-U14 2019"]
[Site "Bratislava"]
[Date "2019.08.08"]
[Round "7.18"]
[White "Grigoryan, Aram"]
[Black "Dzida, Kamil"]
[Result "1-0"]
[ECO "E46"]
[WhiteElo "1947"]
[BlackElo "1987"]
[Annotator "NA"]
[PlyCount "75"]
[EventDate "2019.08.02"]
[EventType "swiss"]
[EventCountry "SVK"]
[SourceTitle "playchess.com"]
[Source "ChessBase"]
[SourceQuality "1"]
[TimeControl "40/5400+30:1800+30"]

1. d4 Nf6 2. c4 e6 3. Nc3 Bb4 4. e3 O-O 5. Nge2 Re8 6. a3 Bf8 7. Ng3 d5 8. cxd5 exd5 9. Bd3 Nbd7 10. O-O b6 11. b4 c6 12. Qb3 g6 13. Bd2 Bb7 14. Rfc1 Bg7 15. Rab1 h5 16. h3 Qe7 17. a4 Rab8 18. Qa2 Rec8 19. a5 Bf8 20. Na4 h4 21. Nf1 Ne4 22. Be1 Bh6 23. Rb2 c5 24. bxc5 bxc5 25. dxc5 Ndxc5 26. Nxc5 Nxc5 27. Bb4 Bf8 28. Qa3 d4 29. Rxc5 Rxc5 30. Bxc5 Qg5 31. Rxb7 Rxb7 32. Bxf8 dxe3 33. Bc5 exf2+ 34. Bxf2 Rd7 35. Be2 Rd5 36. a6 Re5 37. Qd3 Kh7 38. Bxa7 1-0

[Event "EYCC Open-U14 2019"]
[Site "Bratislava"]
[Date "2019.08.08"]
[Round "7.19"]
[White "Sokolovsky, Yahli"]
[Black "Sahakyan, Aleks"]
[Result "1-0"]
[ECO "A01"]
[WhiteElo "2093"]
[BlackElo "1856"]
[Annotator "NA"]
[PlyCount "137"]
[EventDate "2019.08.02"]
[EventType "swiss"]
[EventCountry "SVK"]
[SourceTitle "playchess.com"]
[Source "ChessBase"]
[SourceQuality "1"]
[TimeControl "40/5400+30:1800+30"]

1. b3 e5 2. Bb2 Nc6 3. e3 d5 4. Bb5 f6 5. d4 e4 6. c4 a6 7. Bxc6+ bxc6 8. Nc3 f5 9. Nge2 Nf6 10. Qc1 Be6 11. cxd5 cxd5 12. Ba3 Bd6 13. Bxd6 Qxd6 14. Na4 Bd7 15. Nc5 Bb5 16. Nf4 O-O 17. h4 a5 18. a4 Ba6 19. Qc3 Qb6 20. Rh3 Bc8 21. Rg3 Kf7 22. Rc1 Ra7 23. Rg5 Rg8 24. Qd2 g6 25. h5 c6 26. hxg6+ hxg6 27. Qe2 Ng4 28. f3 exf3 29. Qxf3 Nxe3 30. Nfd3 Re7 31. Ne5+ Rxe5 32. dxe5 Qb4+ 33. Ke2 Ng4 34. Nd3 Qe4+ 35. Kd2 Ba6 36. Rxg4 Qxg4 37. Qxg4 fxg4 38. Rxc6 Bxd3 39. Kxd3 Rh8 40. Rf6+ Kg7 41. Kd4 Rb8 42. Kxd5 Rxb3 43. Rf4 g3 44. e6 Rb2 45. Rf7+ Kg8 46. Rf3 Kg7 47. Rxg3 Kf6 48. Rf3+ Ke7 49. Rf7+ Ke8 50. g4 Rb4 51. g5 Rxa4 52. Ke5 Ra1 53. Kf6 a4 54. Ra7 Rf1+ 55. Kxg6 Re1 56. Kf6 Rf1+ 57. Kg7 Re1 58. Rxa4 Rxe6 59. Ra7 Re1 60. g6 Rh1 61. Kg8 Rg1 62. g7 Rh1 63. Ra2 Rh3 64. Re2+ Kd7 65. Re4 Rh1 66. Kf7 Rf1+ 67. Kg6 Rg1+ 68. Kf6 Rf1+ 69. Kg5 1-0

[Event "EYCC Open-U14 2019"]
[Site "Bratislava"]
[Date "2019.08.08"]
[Round "7.20"]
[White "Andrijashkin, Deniss"]
[Black "Guz, Ari"]
[Result "1/2-1/2"]
[ECO "B40"]
[WhiteElo "1862"]
[BlackElo "2165"]
[Annotator "NA"]
[PlyCount "40"]
[EventDate "2019.08.02"]
[EventType "swiss"]
[EventCountry "SVK"]
[SourceTitle "playchess.com"]
[Source "ChessBase"]
[SourceQuality "1"]
[TimeControl "40/5400+30:1800+30"]

1. e4 c5 2. Nf3 e6 3. g3 Nc6 4. Bg2 d5 5. exd5 Qxd5 6. O-O Nf6 7. Nc3 Qd8 8. d3 Be7 9. Nd2 O-O 10. Nc4 Nd5 11. Nxd5 exd5 12. Ne3 Be6 13. c4 dxc4 14. dxc4 Bf6 15. Nd5 Bd4 16. Be3 Bxe3 17. Nxe3 Nd4 18. b3 Qd7 19. Qh5 Rac8 20. Rad1 b6 1/2-1/2

[Event "EYCC Open-U14 2019"]
[Site "Bratislava"]
[Date "2019.08.08"]
[Round "7.21"]
[White "Fernandez Lopez, Ruben"]
[Black "Sobek, Michal"]
[Result "0-1"]
[ECO "B35"]
[WhiteElo "2207"]
[BlackElo "2101"]
[Annotator "NA"]
[PlyCount "98"]
[EventDate "2019.08.02"]
[EventType "swiss"]
[EventCountry "SVK"]
[SourceTitle "playchess.com"]
[Source "ChessBase"]
[SourceQuality "1"]
[TimeControl "40/5400+30:1800+30"]

1. e4 c5 2. Nf3 Nc6 3. d4 cxd4 4. Nxd4 g6 5. Nc3 Bg7 6. Be3 Nf6 7. Bc4 O-O 8. Bb3 d6 9. f3 Bd7 10. Qd2 Nxd4 11. Bxd4 b5 12. h4 h5 13. g4 hxg4 14. h5 Nxh5 15. Bxg7 Kxg7 16. Rxh5 Rh8 17. Rxh8 Qxh8 18. O-O-O gxf3 19. Nd5 Qh4 20. Qc3+ e5 21. Qc7 Be6 22. Qxd6 Qxe4 23. Nc7 Bxb3 24. axb3 Qf4+ 25. Kb1 Rf8 26. Qe7 Qf5 27. Ne8+ Rxe8 28. Qxe8 f2 29. Rf1 e4 30. Qc6 Qf3 31. Qd5 Kh7 32. Ka2 f5 33. Qf7+ Kh6 34. Qf8+ Kg5 35. Qe7+ Kg4 36. Qf6 g5 37. Qd4 Kg3 38. Qh8 e3 39. Qh6 g4 40. Rh1 Qxh1 41. Qxh1 e2 42. Qd5 f1=Q 43. Qd3+ Kg2 44. Qd2 Kg1 45. Qd4+ Qf2 46. Qd5 e1=Q 47. Qxb5 Qb6 48. Qa4 Qba5 49. c3 Qxa4+ 0-1

[Event "EYCC Open-U14 2019"]
[Site "Bratislava"]
[Date "2019.08.08"]
[Round "7.22"]
[White "Papadiamandis, Elliot"]
[Black "Ochedzan, Tymon"]
[Result "1-0"]
[ECO "B24"]
[WhiteElo "2202"]
[BlackElo "2037"]
[Annotator "NA"]
[PlyCount "83"]
[EventDate "2019.08.02"]
[EventType "swiss"]
[EventCountry "SVK"]
[SourceTitle "playchess.com"]
[Source "ChessBase"]
[SourceQuality "1"]
[TimeControl "40/5400+30:1800+30"]

1. e4 c5 2. Nc3 Nc6 3. Nf3 e5 4. Bc4 d6 5. d3 Be7 6. Nd2 Nf6 7. Nf1 O-O 8. Ne3 Na5 9. Bd5 Nxd5 10. Ncxd5 Be6 11. O-O Bg5 12. Nc3 Nc6 13. Ned5 Bxc1 14. Rxc1 Nd4 15. f4 exf4 16. Nxf4 Qg5 17. Qe1 b5 18. Qf2 b4 19. Nce2 Nxe2+ 20. Qxe2 a5 21. a4 bxa3 22. bxa3 Bg4 23. Qf2 Rab8 24. Qg3 f6 25. h4 Qe5 26. Qxg4 f5 27. Qf3 Qb2 28. Ne6 Rf7 29. exf5 Qxa3 30. Ng5 Rf6 31. Qd5+ Kh8 32. Nf7+ Kg8 33. Ne5+ Kh8 34. Nd7 Qb2 35. Nxb8 Qxb8 36. Rb1 Qd8 37. Rb7 Rf8 38. f6 Rxf6 39. Rxf6 gxf6 40. Qf5 Qg8 41. Qxf6+ Qg7 42. Qxg7# 1-0

[Event "EYCC Open-U14 2019"]
[Site "Bratislava"]
[Date "2019.08.08"]
[Round "7.23"]
[White "Hak, David"]
[Black "Fule, Simon"]
[Result "0-1"]
[ECO "C45"]
[WhiteElo "2012"]
[BlackElo "2184"]
[Annotator "NA"]
[PlyCount "154"]
[EventDate "2019.08.02"]
[EventType "swiss"]
[EventCountry "SVK"]
[SourceTitle "playchess.com"]
[Source "ChessBase"]
[SourceQuality "1"]
[TimeControl "40/5400+30:1800+30"]

1. e4 e5 2. Nf3 Nc6 3. d4 exd4 4. Nxd4 Nf6 5. Nxc6 bxc6 6. e5 Qe7 7. Qe2 Nd5 8. c4 Ba6 9. b3 g6 10. Ba3 Nb4 11. Bb2 Bg7 12. a3 Nd5 13. Qe4 f5 14. Qd4 Nb6 15. Nd2 c5 16. Qe3 d6 17. f4 Bb7 18. O-O-O O-O-O 19. Re1 Rhe8 20. Nf3 Kb8 21. Qf2 Nd7 22. e6 Nf6 23. Ng5 Ne4 24. Nxe4 Bxe4 25. b4 cxb4 26. axb4 Bxb2+ 27. Kxb2 Qf6+ 28. Kb3 Rxe6 29. Be2 c5 30. Ra1 Re7 31. b5 Qd4 32. Qxd4 cxd4 33. Bf3 Bxf3 34. gxf3 Re3+ 35. Kb4 Rxf3 36. Ra6 Rd7 37. Rha1 Rf2 38. b6 Rb2+ 39. Ka5 d3 40. Re1 Rxb6 41. Rxb6+ axb6+ 42. Kxb6 Rc7 43. Re8+ Rc8 44. Re6 Rxc4 45. Rxd6 Rb4+ 46. Kc6 Rxf4 47. Rd8+ Ka7 48. Rd7+ Ka6 49. Rxd3 Rc4+ 50. Kd5 Rh4 51. Kc6 Ka5 52. Kc5 Ka4 53. h3 Re4 54. Rf3 Rb4 55. Rd3 Rb3 56. Rd4+ Ka3 57. Rh4 h5 58. Rf4 Rxh3 59. Rf2 Rh4 60. Kd6 Kb3 61. Ke5 Rg4 62. Rd2 Kc3 63. Rd8 h4 64. Rd7 h3 65. Rh7 Kd3 66. Rxh3+ Ke2 67. Ra3 Kf2 68. Ra2+ Kg3 69. Ra3+ Kh4 70. Kf6 f4 71. Ke5 g5 72. Rf3 Rg3 73. Rf1 Kg4 74. Ke4 Re3+ 75. Kd4 Re8 76. Rg1+ Kf5 77. Ra1 f3 0-1

[Event "EYCC Open-U14 2019"]
[Site "Bratislava"]
[Date "2019.08.08"]
[Round "7.24"]
[White "Kusa, Jakub"]
[Black "Frank, Adam"]
[Result "1-0"]
[ECO "C84"]
[WhiteElo "2199"]
[BlackElo "2125"]
[Annotator "NA"]
[PlyCount "103"]
[EventDate "2019.08.02"]
[EventType "swiss"]
[EventCountry "SVK"]
[SourceTitle "playchess.com"]
[Source "ChessBase"]
[SourceQuality "1"]
[TimeControl "40/5400+30:1800+30"]

1. e4 e5 2. Nf3 Nc6 3. Bb5 a6 4. Ba4 Nf6 5. O-O Be7 6. d3 d6 7. Nc3 O-O 8. a3 b5 9. Bb3 Be6 10. Nd5 Na5 11. Nxf6+ Bxf6 12. Bxe6 fxe6 13. b4 Nc6 14. Bb2 Qe8 15. c4 Nd4 16. Bxd4 exd4 17. e5 Bxe5 18. Nxe5 dxe5 19. Re1 Rf5 20. Rc1 Qf7 21. f3 h5 22. Re4 a5 23. cxb5 axb4 24. a4 Qe7 25. Qb3 Kh7 26. h4 Rf4 27. Rxe5 Qxh4 28. Rcc5 g6 29. Qxe6 Rxa4 30. Rxh5+ Qxh5 31. Rxh5+ gxh5 32. g3 Rf8 33. Qe7+ Kg8 34. Qg5+ Kf7 35. Qxh5+ Kg7 36. Qg5+ Kh7 37. Qh4+ Kg8 38. Qg4+ Kh7 39. Qxd4 Rfa8 40. Qh4+ Kg6 41. Qg4+ Kf6 42. Qf4+ Kg6 43. Qe4+ Kg5 44. Qd5+ Kf6 45. Qc6+ Kg5 46. Kf2 Ra2+ 47. Ke3 R8a4 48. Qe6 R2a3 49. f4+ Kh5 50. Qg8 Kh6 51. f5 Kh5 52. Qg6# 1-0

[Event "EYCC Open-U14 2019"]
[Site "Bratislava"]
[Date "2019.08.08"]
[Round "7.25"]
[White "Luczak, Filip"]
[Black "Schlegel, Igor"]
[Result "1-0"]
[ECO "B90"]
[WhiteElo "2144"]
[BlackElo "1968"]
[Annotator "NA"]
[PlyCount "45"]
[EventDate "2019.08.02"]
[EventType "swiss"]
[EventCountry "SVK"]
[SourceTitle "playchess.com"]
[Source "ChessBase"]
[SourceQuality "1"]
[TimeControl "40/5400+30:1800+30"]

1. e4 c5 2. Nf3 d6 3. d4 cxd4 4. Nxd4 Nf6 5. Nc3 a6 6. Nb3 e6 7. g4 b5 8. Bg2 Bb7 9. g5 Nfd7 10. f4 Be7 11. O-O O-O 12. h4 Nc6 13. Qg4 a5 14. Be3 b4 15. Ne2 Nb6 16. f5 Nc4 17. Bf2 N6e5 18. Qg3 d5 19. Nc5 Nd7 20. Nxb7 Qc8 21. exd5 exd5 22. Bxd5 Nce5 23. f6 1-0

[Event "EYCC Open-U14 2019"]
[Site "Bratislava"]
[Date "2019.08.08"]
[Round "7.26"]
[White "Droin, Augustin"]
[Black "Lopez Varela, Pablo"]
[Result "0-1"]
[ECO "B48"]
[WhiteElo "2172"]
[BlackElo "2131"]
[Annotator "NA"]
[PlyCount "126"]
[EventDate "2019.08.02"]
[EventType "swiss"]
[EventCountry "SVK"]
[SourceTitle "playchess.com"]
[Source "ChessBase"]
[SourceQuality "1"]
[TimeControl "40/5400+30:1800+30"]

1. e4 c5 2. Nf3 e6 3. d4 cxd4 4. Nxd4 Nc6 5. Nc3 Qc7 6. Be3 a6 7. a3 b5 8. Nxc6 Qxc6 9. Be2 Bb7 10. Bf3 Qc7 11. Qd2 Bc6 12. O-O-O a5 13. Nd5 Qb7 14. Nb6 Ra6 15. Qd4 Ne7 16. a4 e5 17. Qxe5 Rxb6 18. Bxb6 Qxb6 19. axb5 Bxb5 20. Rd6 Bc6 21. Bg4 f6 22. Qc3 Qxf2 23. g3 h5 24. Bh3 h4 25. Rd2 Qb6 26. Rhd1 hxg3 27. Qxg3 Rh5 28. Bxd7+ Bxd7 29. Rxd7 Re5 30. Qh3 Kf7 31. Rd8 Ng6 32. Qd7+ Kg8 33. Qd3 Nf4 34. Qc4+ Qe6 35. Qc7 Ng6 36. R1d7 Ne7 37. Qb8 Ng6 38. Qc7 Kh7 39. Rd4 Rxe4 40. Rxe4 Qxe4 41. Qxa5 Qh1+ 42. Rd1 Qxh2 43. Qd5 Qf4+ 44. Kb1 Nh4 45. Qf7 Qg4 46. Rd5 Ng6 47. Rd8 Bc5 48. Qd5 Be3 49. Re8 Bg5 50. Qh1+ Qh4 51. Qd5 Qf4 52. Qh1+ Nh4 53. Re4 Qg3 54. Qd1 Nf3 55. Qh1+ Kg6 56. Ka2 Qf2 57. Ra4 Qxc2 58. Rb4 Nd2 59. Qe1 Qc6 60. Qd1 Qd5+ 61. b3 f5 62. Qe2 Ne4 63. Rb6+ Bf6 0-1

[Event "EYCC Open-U14 2019"]
[Site "Bratislava"]
[Date "2019.08.08"]
[Round "7.27"]
[White "Neumann, Filip"]
[Black "Pozzari, Simone"]
[Result "1-0"]
[ECO "B03"]
[WhiteElo "1982"]
[BlackElo "2179"]
[Annotator "NA"]
[PlyCount "137"]
[EventDate "2019.08.02"]
[EventType "swiss"]
[EventCountry "SVK"]
[SourceTitle "playchess.com"]
[Source "ChessBase"]
[SourceQuality "1"]
[TimeControl "40/5400+30:1800+30"]

1. e4 Nf6 2. e5 Nd5 3. d4 d6 4. exd6 exd6 5. Bd3 Be7 6. c3 c6 7. Ne2 O-O 8. Ng3 f5 9. Qc2 g6 10. Bh6 Re8 11. O-O Bg5 12. Bxg5 Qxg5 13. Nd2 Nf4 14. Rfe1 Be6 15. Bc4 d5 16. Bf1 Nd7 17. Nf3 Qh6 18. Qd2 Nf6 19. Ne2 Nxe2+ 20. Rxe2 f4 21. Ne5 Ne4 22. Qe1 g5 23. Nd3 g4 24. Qc1 Rf8 25. g3 Ng5 26. Bg2 Bf5 27. Nxf4 Be4 28. Ne6 Rf5 29. Nxg5 Bxg2 30. Kxg2 Rxg5 31. Kg1 Qh5 32. Qe3 Rg6 33. Rae1 Rf8 34. Qe7 Rh6 35. Qh4 Qg6 36. Re6 Qxe6 37. Rxe6 Rxe6 38. Qxg4+ Rg6 39. Qd7 Rf7 40. Qe8+ Rf8 41. Qe7 Rf7 42. Qe5 a6 43. f4 Rgf6 44. Kg2 Rf5 45. Qe6 R5f6 46. Qc8+ Kg7 47. Qe8 Rf8 48. Qe5 Kg6 49. Kf3 Rf5 50. Qe7 R8f7 51. Qe8 Kg7 52. Qe6 h5 53. Qd6 R7f6 54. Qb8 Rf7 55. h3 Re7 56. g4 Rff7 57. Qd6 Re1 58. f5 hxg4+ 59. hxg4 Rf1+ 60. Kg3 Rg1+ 61. Kh4 Kh8 62. Qe5+ Kh7 63. f6 Rf1 64. Kg5 Rf2 65. Qe6 Rc7 66. Qe3 Rxb2 67. Qh3+ Kg8 68. Kg6 Rf2 69. Qg3 1-0

[Event "EYCC Open-U14 2019"]
[Site "Bratislava"]
[Date "2019.08.08"]
[Round "7.28"]
[White "Jares, Michal"]
[Black "Laptii, Nazar"]
[Result "0-1"]
[ECO "B06"]
[WhiteElo "1974"]
[BlackElo "2133"]
[Annotator "NA"]
[PlyCount "82"]
[EventDate "2019.08.02"]
[EventType "swiss"]
[EventCountry "SVK"]
[SourceTitle "playchess.com"]
[Source "ChessBase"]
[SourceQuality "1"]
[TimeControl "40/5400+30:1800+30"]

1. d4 g6 2. e4 Bg7 3. Nc3 d6 4. f4 a6 5. Nf3 b5 6. Bd3 Nd7 7. a4 b4 8. Ne2 c5 9. c3 cxd4 10. cxd4 Ngf6 11. O-O O-O 12. e5 Nd5 13. Ng5 e6 14. Ng3 Qb6 15. Kh1 Bb7 16. N3e4 dxe5 17. dxe5 Nc5 18. Nxc5 Qxc5 19. Ne4 Qc6 20. Qf3 f6 21. exf6 Nxf6 22. Nxf6+ Bxf6 23. Qxc6 Bxc6 24. Bc4 Bd5 25. Bxd5 exd5 26. Rd1 Rfe8 27. Kg1 Rad8 28. Rb1 d4 29. Bd2 a5 30. Re1 d3 31. Rxe8+ Rxe8 32. Rd1 Bxb2 33. Kf1 Kf7 34. Be1 Rd8 35. Bf2 Bc3 36. Rb1 d2 37. Rd1 Re8 38. g3 b3 39. Rb1 b2 40. h3 Re1+ 41. Bxe1 dxe1=Q+ 0-1

[Event "EYCC Open-U14 2019"]
[Site "Bratislava"]
[Date "2019.08.08"]
[Round "7.29"]
[White "Wernberg, Hugo"]
[Black "Jun, Rudolf Jr."]
[Result "1/2-1/2"]
[ECO "B33"]
[WhiteElo "1963"]
[BlackElo "2200"]
[Annotator "NA"]
[PlyCount "117"]
[EventDate "2019.08.02"]
[EventType "swiss"]
[EventCountry "SVK"]
[SourceTitle "playchess.com"]
[Source "ChessBase"]
[SourceQuality "1"]
[TimeControl "40/5400+30:1800+30"]

1. e4 c5 2. Nf3 Nc6 3. d4 cxd4 4. Nxd4 Nf6 5. Nc3 e5 6. Ndb5 d6 7. Bg5 a6 8. Na3 b5 9. Nd5 Be7 10. Bxf6 Bxf6 11. c3 O-O 12. Nc2 Bg5 13. a4 bxa4 14. Rxa4 Kh8 15. h4 Bh6 16. b4 f5 17. exf5 Bxf5 18. Nce3 Be4 19. Rxa6 Rxa6 20. Bxa6 Ne7 21. Nxe7 Qxe7 22. O-O d5 23. Bd3 d4 24. Ng4 Bb7 25. Nxh6 gxh6 26. f3 dxc3 27. Qe2 Re8 28. Be4 Qxb4 29. Bxb7 Qxb7 30. Qc4 Qb6+ 31. Rf2 Qd4 32. Qf7 Qd8 33. Qc4 Qd1+ 34. Kh2 Qd4 35. Qc6 Qxh4+ 36. Kg1 Rd8 37. Qxc3 Qf4 38. Qc2 Qd4 39. Qe4 Qc5 40. Qc2 Qe3 41. Qe2 Qg5 42. Qc2 Qe3 43. Qe2 Qd4 44. Qe4 Qxe4 45. fxe4 Rd4 46. Rf7 Rxe4 47. Kf2 Rg4 48. Kf3 Rg5 49. Ra7 Kg8 50. Re7 h5 51. Ke4 Rg4+ 52. Kf3 Rg5 53. Ke4 Rxg2 54. Rxe5 Kg7 55. Kf3 Rh2 56. Kg3 Rh1 57. Kg2 Rc1 58. Rxh5 Kg6 59. Ra5 1/2-1/2

[Event "EYCC Open-U14 2019"]
[Site "Bratislava"]
[Date "2019.08.08"]
[Round "7.30"]
[White "Kalosha, Zhiulien Oleksii"]
[Black "Krupa, Miroslav"]
[Result "0-1"]
[ECO "B90"]
[WhiteElo "1936"]
[BlackElo "2114"]
[Annotator "NA"]
[PlyCount "117"]
[EventDate "2019.08.02"]
[EventType "swiss"]
[EventCountry "SVK"]
[SourceTitle "playchess.com"]
[Source "ChessBase"]
[SourceQuality "1"]
[TimeControl "40/5400+30:1800+30"]

1. e4 c5 2. Nf3 d6 3. d4 cxd4 4. Nxd4 Nf6 5. Nc3 a6 6. f3 e6 7. Be3 b5 8. Qd2 Nbd7 9. g4 Nb6 10. O-O-O Bb7 11. g5 Nfd7 12. h4 Ne5 13. Nb3 Nbc4 14. Bxc4 Nxc4 15. Qf2 Nxe3 16. Qxe3 Qc7 17. Kb1 Be7 18. Qd4 O-O 19. Qd2 b4 20. Ne2 d5 21. e5 Qxe5 22. f4 Qc7 23. Nbd4 e5 24. fxe5 Qxe5 25. Rdf1 Rae8 26. Rf5 Qc7 27. h5 Bc8 28. Rff1 Qe5 29. Rhg1 Bc5 30. Qd3 Qe3 31. Qd1 Re4 32. Nb3 Ba7 33. Ng3 Rg4 34. Ne2 Qxg5 35. Rxg4 Bxg4 36. Nbc1 Qxh5 37. Rh1 Qe5 38. Qe1 Re8 39. Qh4 Qe4 40. Ng3 Qg6 41. Re1 Be6 42. Nge2 Qe4 43. Nf4 Qf5 44. Ncd3 h6 45. Re5 Qh7 46. Nxd5 Bb8 47. Re1 a5 48. Nc5 Bd6 49. Nxe6 fxe6 50. Qg4 h5 51. Nf6+ Kf7 52. Nxh5 Qh6 53. Rf1+ Ke7 54. Nxg7 Rf8 55. Re1 Be5 56. Nh5 Rf5 57. Rh1 Bh2 58. Qh4+ Kf7 59. Qxh2 0-1